Map: Ruby Rock LE

Players

INexorable

  • Race: Terran Terran
  • Spawn Location: 11:00

A.I. 1 (Very Easy) - Winner!

  • Race: Protoss Protoss
  • Spawn Location: 5:00

VOD

Have the link to the VOD?

Description

Time

  • Played on: Dec. 22, 2025, 10:20 a.m.
  • Length: 9:41
Show
View Real Time Build Order
Export as new Build Order

INexorable Terran 

Build Orders: Reaper Expand 

Get SALT Encoding   

  12  0:00  SCV  
  13  0:12  SCV  
  14  0:16  Supply Depot  
  14  0:24  SCV  
  15  0:38  SCV  
  15  0:39  Barracks  
  15  0:42  Refinery  
  16  0:50  SCV  
  17  1:02  SCV  
  18  1:14  SCV  
  19  1:26  Reaper, Orbital Command  
  20  1:38  Command Center  
  20  1:46  Supply Depot  
  20  1:52  SCV  
  21  1:57  Marine  
  22  2:04  SCV  
  22  2:07  Factory  
  23  2:13  Bunker  
  23  2:16  SCV  
  23  2:20  Barracks Reactor  
  24  2:28  SCV  
  25  2:30  Refinery  
  25  2:40  SCV  
  26  2:50  Orbital Command  
  26  2:52  SCV, Hellion  
  26  2:56  Starport  
  29  2:59  Marine x2  
  29  3:05  SCV  
  32  3:13  Widow Mine  
  32  3:17  SCV x2  
  32  3:18  Marine  
  32  3:19  Marine  
  38  3:21  Supply Depot  
  38  3:29  SCV x2  
  38  3:32  Medivac  
  42  3:34  Widow Mine  
  42  3:41  SCV x2  
  45  3:43  Marine x2  
  45  3:45  Supply Depot  
  48  3:53  SCV x2  
  50  3:55  Barracks  
  50  3:57  Factory Tech Lab  
  50  4:02  Marine x2  
  52  4:03  Starport Tech Lab  
  52  4:05  SCV x2  
  52  4:08  Supply Depot  
  57  4:17  Siege Tank, SCV x2  
  59  4:25  Supply Depot, Marine, Raven  
  59  4:27  Refinery  
  59  4:29  Marine  
  59  4:30  SCV x2  
  65  4:31  Engineering Bay  
  65  4:42  Barracks, SCV  
  65  4:43  SCV  
  65  4:44  Marine  
  68  4:47  Marine  
  68  4:48  Supply Depot  
  68  4:51  Siege Tank  
  72  4:54  SCV  
  72  4:55  SCV  
  72  4:58  Refinery  
  74  5:03  Marine  
  74  5:04  Terran Infantry Weapons Level 1  
  74  5:06  SCV  
  76  5:07  SCV, Marine  
  76  5:08  Supply Depot  
  76  5:10  Marine  
  76  5:11  Supply Depot  
  79  5:14  Stimpack  
  79  5:18  SCV  
  79  5:19  SCV  
  81  5:23  Starport Reactor, Marauder  
  83  5:29  Marine x2  
  85  5:36  Factory Reactor  
  85  5:37  SCV  
  85  5:39  Marauder  
  85  5:40  Supply Depot  
  88  5:44  Marauder  
  88  5:45  Combat Shield  
  88  5:47  Marine x2  
  92  5:51  Supply Depot  
  92  5:52  Command Center  
  92  6:00  Marauder  
  92  6:02  Medivac  
  92  6:03  Medivac  
  98  6:06  Supply Depot, Marauder  
  98  6:08  Marine x2  
  102  6:19  Barracks  
  102  6:21  Barracks  
  102  6:22  Supply Depot, Marauder  
  102  6:24  Widow Mine  
  106  6:27  Widow Mine, Marauder  
  106  6:28  Marine  
  106  6:29  Marine  
  112  6:35  Medivac x2  
  112  6:37  SCV x2  
  118  6:46  Supply Depot, Marauder  
  120  6:48  Marauder  
  120  6:52  Marine, Widow Mine x2  
  120  6:53  Marine  
  128  6:56  SCV  
  128  6:59  SCV  
  128  7:01  Terran Infantry Armor Level 1  
  130  7:04  Concussive Shells  
  130  7:08  SCV  
  131  7:09  Viking x2  
  131  7:11  SCV  
  131  7:14  Marine x2  
  131  7:15  Barracks Tech Lab  
  138  7:16  Barracks Reactor  
  138  7:20  SCV  
  139  7:23  SCV, Marauder  
  139  7:24  Marauder  
  144  7:31  Orbital Command  
  144  7:33  SCV  
  144  7:34  Marine x2  
  144  7:35  Supply Depot  
  144  7:36  Marauder  
  149  7:39  SCV  
  149  7:42  Viking  
  149  7:43  Viking  
  154  7:45  SCV  
  154  7:46  Marauder  
  154  7:48  Supply Depot  
  157  7:55  Supply Depot  
  157  7:57  SCV x2  
  157  7:58  SCV  
  160  8:00  Supply Depot  
  160  8:01  Marine, Marauder x2  
  165  8:07  Armory  
  165  8:09  SCV, Marine x4  
  165  8:11  SCV  
  171  8:15  Bunker  
  171  8:17  Viking x2  
  171  8:19  SCV  
  176  8:20  Engineering Bay  
  176  8:21  SCV  
  176  8:25  Supply Depot  
  181  8:27  Marauder x2  
  181  8:32  Marauder  
  181  8:33  Refinery x2  
  187  8:41  Widow Mine  
  187  8:47  Widow Mine  
  187  8:51  Command Center  
  187  8:54  Marauder  
  187  8:55  Marauder x2  
  193  9:05  Medivac x2  
  197  9:10  Barracks  
  197  9:12  Barracks  
  197  9:13  Barracks  
  197  9:15  Starport  
  197  9:22  Ghost Academy  
  197  9:23  Missile Turret x2  
  197  9:26  Missile Turret  
  197  9:32  Supply Depot  
Show
View Real Time Build Order
Export as new Build Order

A.I. 1 (Very Easy) Protoss - Winner!

Build Orders:  

Get SALT Encoding   

  12  0:00  Probe  
  13  0:13  Probe  
  14  0:20  Pylon  
  14  0:36  Assimilator  
  14  0:42  Gateway  
  14  0:46  Pylon  
  14  1:12  Assimilator  
  14  1:17  Probe  
  14  1:25  Probe  
  16  1:33  Probe, Cybernetics Core  
  17  1:43  Probe  
  18  1:55  Probe  
  18  1:59  Warp Gate  
  19  2:03  Probe  
  19  2:08  Stalker  
  22  2:36  Stalker  
  22  2:37  Pylon  
  24  3:08  Zealot  
  26  4:55  Probe  
  26  5:30  Probe  
  26  5:34  Zealot  
  29  5:36  Robotics Facility  
  29  5:38  Probe  
  30  5:47  Pylon  
  30  5:48  Probe  
  31  6:00  Probe  
  32  6:11  Probe  
  27  6:19  Probe  
  27  6:24  Observer  
  29  6:28  Zealot  
  31  6:41  Observer  
  32  7:03  Nexus  
  32  7:22  Stalker  
  34  8:14  Probe  
  35  8:21  Probe  
  35  8:26  Assimilator, Probe  
  36  8:28  Assimilator  
  36  8:33  Probe  
  38  8:44  Probe  
  39  8:51  Probe  
  40  8:59  Probe  
  41  9:06  Probe  
  42  9:13  Probe  
  43  9:18  Probe  
  44  9:25  Probe  
Tags
 
Add a new tag
Caveats
  • Supply blocks, unpowered buildings, or Contaminate may cause inaccurate times.
  • Supply counts are checked every 10 seconds.